 Dungeon Crawl Stone Soup version 0.31.0-11-ge490571c62 (webtiles) character file.

Game seed: 16573939628399366102

2112 graki42 the Destroyer (level 9, 0/65 HPs)
             Began as a Gnoll Conjurer on Feb 1, 2024.
             Was a Follower of Sif Muna.
             Slain by a yak (5 damage)
             ... on level 5 of the Dungeon.
             The game lasted 00:16:05 (7044 turns).

graki42 the Destroyer (Gnoll Conjurer)              Turns: 7044, Time: 00:16:05

Health: 0/65       AC:  8    Str:  7    XL:     9   Next: 28%
Magic:  1/19       EV: 18    Int: 22    God:    Sif Muna [*.....]
Gold:   405        SH:  5    Dex: 10    Spells: 10/21 levels left

rFire   . . .        h - +2 dagger (elec)
rCold   . . .        (no shield)
rNeg    . . .        a - +0 robe
rPois   .            (no helmet)
rElec   .            q - +1 cloak
rCorr   .            (no gloves)
SInv    .            (no boots)
Will    .....        c - amulet of reflection
Stlth   +++          f - +5 ring of evasion
HPRegen 0.30/turn    t - +4 ring of protection
MPRegen 0.16/turn

%: reflection
@: no status effects
A: fangs 1, strong nose, distributed training
a: Renounce Religion, Channel Magic


You were on level 5 of the Dungeon.
You worshipped Sif Muna.
Sif Muna was aware of your devotion.
You visited 1 branch of the dungeon, and saw 6 of its levels.
You also visited: Sewer.

You collected 405 gold pieces.

Inventory:

Hand Weapons
 h - a +2 dagger of electrocution (weapon)
Missiles
 g - 7 atropa-tipped darts
Armour
 a - a +0 robe (worn)
 q - a +1 cloak (worn)
 u - a +1 leather armour of fire resistance
Jewellery
 c - an amulet of reflection (around neck)
 f - a +5 ring of evasion (left hand)
 s - a ring of positive energy
 t - a +4 ring of protection (right hand)
 z - a +4 ring of protection
Wands
 n - a wand of digging (7)
 x - a wand of iceblast (8)
Scrolls
 e - 3 scrolls of vulnerability
 i - a scroll of blinking
 k - 2 scrolls of amnesia
 l - a scroll of silence {unknown}
 o - a scroll of fear {unknown}
 r - 6 scrolls of identify {unknown}
 y - a scroll of enchant weapon {unknown}
 A - a scroll of teleportation {unknown}
 C - a scroll of immolation {unknown}
Potions
 b - 2 potions of magic
 d - 5 potions of curing {unknown}
 j - 5 potions of might {unknown}
 m - 3 potions of attraction {unknown}
 p - a potion of haste {unknown}
 v - a potion of cancellation {unknown}
 w - a potion of invisibility {unknown}
 B - a potion of mutation {unknown}


   Skills:
 + Level 4.2 Fighting
 + Level 4.2 Short Blades
 + Level 4.2 Long Blades
 + Level 4.2 Axes
 + Level 4.2 Maces & Flails
 + Level 4.2 Polearms
 + Level 4.2 Staves
 + Level 4.2 Ranged Weapons
 + Level 4.2 Throwing
 + Level 4.2 Armour
 + Level 6.3 Dodging
 + Level 6.0 Stealth
 + Level 4.2 Shields
 + Level 4.2 Unarmed Combat
 + Level 6.6 Spellcasting
 + Level 8.0 Conjurations
 + Level 3.5 Hexes
 + Level 3.5 Summonings
 + Level 3.5 Necromancy
 + Level 3.5 Translocations
 + Level 3.5 Fire Magic
 + Level 3.5 Ice Magic
 + Level 3.5 Air Magic
 + Level 3.5 Earth Magic
 + Level 3.5 Alchemy
 + Level 4.7 Invocations
 + Level 4.2 Evocations
 + Level 3.8 Shapeshifting


You had 10 spell levels left.
You knew the following spells:

 Your Spells              Type           Power      Damage    Failure   Level
a - Magic Dart            Conj           100%       1d8       1%          1
b - Searing Ray           Conj           84%        2d7       1%          2
c - Fulminant Prism       Conj/Alch      16%        3d10      8%          4
d - Iskenderun's Mystic   Conj/Tloc      32%        2d8       8%          4

Your spell library contained the following spells:

 Spells                   Type           Power      Damage    Failure   Level
 Kiss of Death            Conj/Necr      100%       2d13      1%          1
 Confusing Touch          Hex            22%        N/A       6%          3
 Dispel Undead            Necr           22%        3d12      21%         4


Dungeon Overview and Level Annotations

Branches:
Dungeon (6/15)              Sewer (visited)
 Temple: D:4-7

Altars:
Kikubaaqudgha
Ru
Sif Muna
Wu Jian
Xom
Zin

Annotations:
D:4 3 runed translucent doors, protoss039's ghost, amateur DsEE


Innate Abilities, Weirdness & Mutations

You have very sharp teeth.
Your uncanny sense of smell can sniff out nearby items.
Your experience applies equally to all skills.


Message History

Casting: Searing Ray (safe; 1% risk of failure)
Confirm with . or Enter, or press ? or * to list all spells.
Aiming: Searing Ray (safe; 1% risk of failure)
Press: ? - help, Shift-Dir - straight line, f/p - yak
Aim: a yak (severely wounded, 89% to hit)
The searing ray hits the yak but does no damage.
The yak is severely wounded. (Press . to maintain the ray.)
The yak gores you! The yak closely misses you.
You hit the yak.
The yak is severely wounded.
The yak gores you!
You completely miss the yak.
The yak is severely wounded.
The yak misses you. x2
You hit the yak.
The yak is almost dead.
The yak gores you but does no damage. The yak closely misses you.
Your magical contamination has completely faded away.
You hit the yak but do no damage. You punch the yak.
The yak is almost dead.
The yak gores you. The yak misses you.
You closely miss the yak.
The yak is almost dead.
You block the yak's attack.
You barely miss the yak.
The yak is almost dead.
The yak gores you!
* * * LOW HITPOINT WARNING * * *
You hit the yak but do no damage.
The yak is almost dead.
The yak gores you!
* * * LOW HITPOINT WARNING * * *
The yak closely misses you.
You hit the yak. Lightning courses through the yak!
You kill the yak!
Sif Muna accepts your kill. The yak gores you but does no damage.
The yak gores you.
You die...

############# #
#>@.........## #
#Y#########..# #
#######†.# ##.# #
#........#########.######
#......................##
#.........###########..##
#)....)...#.........#...#
#...........#######.#.#..
#....)............#.#.##.


You could see a yak.

Vanquished Creatures
  Grinder (D:5)
  5 yaks (D:5)
  A steam dragon (D:5)
  A water moccasin (D:5)
  An ogre (D:5)
  A bullfrog (Sewer)
  A scorpion (D:4)
  2 bombardier beetles
  2 hounds
  2 jellies (D:6)
  2 orc priests (D:5)
  Jessica (D:3)
  Crazy Yiuf (D:2)
  3 orc wizards
  4 iguanas
  13 adders
  A shadow imp (D:6)
  A white imp (D:5)
  2 ufetubi (D:6)
  9 dart slugs
  2 ribbon worms
  18 orcs
  11 ball pythons
  6 endoplasms
  13 giant cockroaches
  12 goblins
  8 hobgoblins
  2 jackals (D:1)
  4 kobolds
  4 quokkas
  9 bats
  12 frilled lizards
  4 rats
159 creatures vanquished.

Vanquished Creatures (others)
  A shadow imp (D:6)
  A fulminant prism (D:6)
2 creatures vanquished.

Grand Total: 161 creatures vanquished

Notes
Turn   | Place    | Note
-------+----------+-------------------------------------------
     0 | D:1      | graki42 the Gnoll Conjurer began the quest for the Orb.
     0 | D:1      | Reached XP level 1. HP: 13/13 MP: 6/6
   113 | D:1      | Reached XP level 2. HP: 19/19 MP: 2/7
   164 | D:1      | Learned a level 2 spell: Searing Ray
   532 | D:1      | Reached skill level 5 in Spellcasting
   532 | D:1      | Reached XP level 3. HP: 25/25 MP: 5/9
   694 | D:1      | Reached skill level 1 in Invocations
  1024 | D:2      | Reached skill level 1 in Fighting
  1024 | D:2      | Reached skill level 1 in Short Blades
  1024 | D:2      | Reached skill level 1 in Long Blades
  1024 | D:2      | Reached skill level 1 in Axes
  1024 | D:2      | Reached skill level 1 in Maces & Flails
  1024 | D:2      | Reached skill level 1 in Polearms
  1024 | D:2      | Reached skill level 1 in Staves
  1024 | D:2      | Reached skill level 1 in Ranged Weapons
  1024 | D:2      | Reached skill level 1 in Throwing
  1024 | D:2      | Reached skill level 1 in Armour
  1024 | D:2      | Reached skill level 1 in Shields
  1024 | D:2      | Reached skill level 1 in Unarmed Combat
  1024 | D:2      | Reached skill level 1 in Evocations
  1414 | D:2      | Reached skill level 1 in Shapeshifting
  1414 | D:2      | Reached XP level 4. HP: 29/32 MP: 11/11
  1456 | D:2      | Learned a level 4 spell: Fulminant Prism
  1461 | D:2      | Learned a level 4 spell: Iskenderun's Mystic Blast
  1545 | D:2      | Reached skill level 1 in Hexes
  1545 | D:2      | Reached skill level 1 in Summonings
  1545 | D:2      | Reached skill level 1 in Necromancy
  1545 | D:2      | Reached skill level 1 in Translocations
  1545 | D:2      | Reached skill level 1 in Fire Magic
  1545 | D:2      | Reached skill level 1 in Ice Magic
  1545 | D:2      | Reached skill level 1 in Air Magic
  1545 | D:2      | Reached skill level 1 in Earth Magic
  1545 | D:2      | Reached skill level 1 in Alchemy
  1843 | D:2      | Found a runed translucent door.
  1844 | D:2      | Noticed Crazy Yiuf
  1850 | D:2      | Killed Crazy Yiuf
  1851 | D:2      | Reached XP level 5. HP: 37/37 MP: 7/12
  2002 | D:3      | Found a glowing drain.
  2024 | Sewer    | Entered a sewer
  2523 | Sewer    | Reached skill level 5 in Dodging
  2523 | Sewer    | Reached XP level 6. HP: 42/44 MP: 9/14
  3003 | D:3      | Noticed Jessica
  3008 | D:3      | Killed Jessica
  3888 | D:4      | Found a runed translucent gate.
  3888 | D:4      | Noticed protoss039's ghost (amateur DsEE)
  3890 | D:4      | Found a runed translucent gate.
  3891 | D:4      | Found a runed translucent gate.
  4295 | D:4      | Reached XP level 7. HP: 51/51 MP: 12/15
  4651 | D:5      | Entered Level 5 of the Dungeon
  5027 | D:5      | Reached skill level 5 in Stealth
  5555 | D:5      | Noticed Grinder
  5573 | D:5      | Killed Grinder
  5574 | D:5      | Reached XP level 8. HP: 39/58 MP: 8/17
  5926 | D:5      | Found a shimmering altar of Xom.
  5927 | D:5      | Found a sacrificial altar of Ru.
  5933 | D:5      | Found a glowing silver altar of Zin.
  5933 | D:5      | Found an ancient bone altar of Kikubaaqudgha.
  5933 | D:5      | Found a shimmering blue altar of Sif Muna.
  5937 | D:5      | Found an ornate altar of the Wu Jian Council.
  5958 | D:5      | Became a worshipper of Sif Muna the Loreminder
  6292 | D:6      | Noticed a yak
  6292 | D:6      | Noticed a yak
  6293 | D:6      | Noticed a yak
  6770 | D:6      | Noticed a yak
  6770 | D:6      | Noticed a yak
  6771 | D:6      | Noticed a yak
  6793 | D:5      | Killed a yak
  6905 | D:5      | Killed a yak
  6906 | D:5      | Reached XP level 9. HP: 65/65 MP: 13/18
  6913 | D:5      | Reached * piety under Sif Muna
  6914 | D:5      | Reached skill level 8 in Conjurations
  7044 | D:5      | Slain by a yak

Illustrated notes

Levels and vault maps discovered:
D:1:      dpeg_arrival_snail, layout_basic
D:2:      layout_loops_corners, uniq_crazy_yiuf_cottage
D:3:      layout_loops_corners, portal_sewer_entry_f, nrook_uturn,
          grunt_ministairs_15, uniq_jessica
D:4:      layout_loops_corners, gammafunk_ghost_split
D:5:      layout_basic, minitemple, uniq_grinder
D:6:      layout_layer_cave, chequers_serial_rivers_micro_b

Skill      XL: |  1  2  3  4  5  6  7  8  9 |
---------------+----------------------------+-----
Spellcasting   | 5 6 |  6.6
Invocations    | 1 2 3 4 |  4.7
Fighting       | 1 2 3 4 |  4.2
Short Blades   | 1 2 3 4 |  4.2
Long Blades    | 1 2 3 4 |  4.2
Axes           | 1 2 3 4 |  4.2
Maces & Flails | 1 2 3 4 |  4.2
Polearms       | 1 2 3 4 |  4.2
Staves         | 1 2 3 4 |  4.2
Ranged Weapons | 1 2 3 4 |  4.2
Throwing       | 1 2 3 4 |  4.2
Armour         | 1 2 3 4 |  4.2
Shields        | 1 2 3 4 |  4.2
Unarmed Combat | 1 2 3 4 |  4.2
Evocations     | 1 2 3 4 |  4.2
Shapeshifting  | 1 2 3 |  3.8
Hexes          | 1 2 3 |  3.5
Summonings     | 1 2 3 |  3.5
Necromancy     | 1 2 3 |  3.5
Translocations | 1 2 3 |  3.5
Fire Magic     | 1 2 3 |  3.5
Ice Magic      | 1 2 3 |  3.5
Air Magic      | 1 2 3 |  3.5
Earth Magic    | 1 2 3 |  3.5
Alchemy        | 1 2 3 |  3.5
Dodging        | 5 6 |  6.3
Stealth        | 5 6 |  6.0
Conjurations   | 8 |  8.0

Action                     |  1- 3 |  4- 6 |  7- 9 || total
---------------------------+-------+-------+-------++-------
  Melee: Dagger            |    35 |    47 |    48 ||   130
         Bite              |     1 |     5 |    11 ||    17
         Punch             |     1 |       |     2 ||     3
   Cast: Magic Dart        |    40 |    58 |    14 ||   112
         Searing Ray       |     3 |    13 |    28 ||    44
         Iskenderun's Myst |       |       |    13 ||    13
         Fulminant Prism   |       |       |     1 ||     1
    Use: Scroll            |       |     4 |       ||     4
   Stab: Sleeping          |     1 |     5 |     4 ||    10
         Distracted        |     1 |       |       ||     1
 Armour: Robe              |     9 |    26 |    48 ||    83
  Dodge: Dodged            |    28 |    53 |    97 ||   178
  Block: Other             |     8 |    11 |    22 ||    41
         Reflection        |       |       |     2 ||     2
